General information
- name: BNet
- type: Ladder team game (AT/RT)
- host: Battle.net
- saver: MasterOfMutants
map: Deathknell
- players: 8
- length: 24:15
- speed: Fast
- version: 1.26 W3XP
- replay type: Public
» download(169 KB)
Players
team 1 (winner)

»
cw[nzd] (
teal | 56 APM | 838 actions | 14:57)
4 Keeper of the Grove
2 Entangling Roots
2 Force of Nature
» actions
| Assign group hotkey | 12 | |
| Basic commands | 95 | |
| Build / train | 49 | |
| Enter build submenu | 24 | |
| Enter hero's abilities submenu | 4 | |
| Remove unit from queue | 2 | |
| Right click | 311 | |
| Select / deselect | 185 | |
| Select group hotkey | 96 | |
| Use ability | 60 | |
838 total
» units
» upgrades
» buildings
| Moon Well | 7 | |
| Ancient of War | 3 | |
| Altar of Elders | 1 | |
| Hunter's Hall | 1 | |
| Ancient Protector | 4 | |
| Tree of Ages | 1 | |
| Tree of Life | 1 | |
| Tree of Eternity | 1 | |
| Ancient of Wind | 1 | |
| Chimaera Roost | 2 | |
22 total
» build order
00:11 Moon Well
00:17 Ancient of War
00:34 Altar of Elders
01:52 Hunter's Hall
02:05 Moon Well
02:26 Ancient of War
02:30 Ancient of War
03:05 Ancient Protector
03:29 Moon Well
04:37 Tree of Ages
05:12 Tree of Ages
06:33 Tree of Life
06:48 Ancient Protector
06:57 Moon Well
07:05 Ancient Protector
07:50 Tree of Eternity
07:54 Moon Well
09:00 Ancient of Wind
10:19 Chimaera Roost
11:03 Chimaera Roost
11:25 Ancient Protector
13:19 Moon Well
13:21 Moon Well
andybearden (
red | 40 APM | 615 actions | 15:18)
3 Keeper of the Grove
1 Entangling Roots
2 Force of Nature
1 Priestess of the Moon
1 Searing Arrows
» actions
| Assign group hotkey | 16 | |
| Build / train | 50 | |
| Enter build submenu | 19 | |
| Enter hero's abilities submenu | 4 | |
| Right click | 178 | |
| Select / deselect | 78 | |
| Select group hotkey | 233 | |
| Use ability | 37 | |
615 total
» units
| Wisp | 16 | |
| Hippogryph | 14 | |
| Chimaera | 6 | |
36 total
» upgrades
| Strength of the Wild | 2 | |
| Reinforced Hides | 2 | |
| Ultravision | 1 | |
| Corrosive Breath | 1 | |
6 total
» buildings
| Moon Well | 5 | |
| Altar of Elders | 1 | |
| Hunter's Hall | 1 | |
| Ancient Protector | 3 | |
| Tree of Ages | 1 | |
| Tree of Life | 1 | |
| Tree of Eternity | 1 | |
| Ancient of Wind | 1 | |
| Chimaera Roost | 3 | |
17 total
» build order
00:35 Moon Well
00:40 Altar of Elders
00:54 Moon Well
01:31 Moon Well
02:20 Hunter's Hall
02:34 Moon Well
03:30 Moon Well
04:02 Ancient Protector
04:09 Ancient Protector
04:15 Ancient Protector
04:45 Tree of Ages
05:17 Tree of Life
07:09 Tree of Eternity
07:39 Ancient of Wind
09:33 Chimaera Roost
09:34 Chimaera Roost
09:37 Chimaera Roost
FRENCH-CANAD1AN (
blue | 54 APM | 1321 actions | 24:15)
3 Blood Mage
1 Banish
2 Flame Strike
1 Lich
1 Frost Nova
1 Death Knight
1 Death Coil
» actions
| Assign group hotkey | 49 | |
| Basic commands | 1 | |
| Build / train | 99 | |
| Enter build submenu | 29 | |
| Enter hero's abilities submenu | 6 | |
| Right click | 412 | |
| Select / deselect | 223 | |
| Select group hotkey | 372 | |
| Use ability | 130 | |
1321 total
» units
| Peasant | 17 | |
| Footman | 4 | |
| Goblin Shredder | 5 | |
| Goblin Zeppelin | 2 | |
| Sorceress | 2 | |
| Flying Machine | 11 | |
| Chimaera | 2 | |
| Frost Wyrm | 4 | |
47 total
» upgrades
| Masonry | 2 | |
| Lumber Harvesting | 1 | |
| Sorceress Training | 1 | |
| Magic Sentry | 1 | |
| Gunpowder | 2 | |
| Plating | 1 | |
| Flying Machine Bombs | 1 | |
| Flak Cannons | 1 | |
| Corrosive Breath | 1 | |
| Freezing Breath | 1 | |
12 total
» buildings
| Farm | 14 | |
| Altar of Kings | 2 | |
| Barracks | 1 | |
| Lumber Mill | 1 | |
| Scout Tower | 62 | |
| Town Hall | 1 | |
| Guard Tower | 17 | |
| Keep | 3 | |
| Arcane Tower | 1 | |
| Blacksmith | 1 | |
| Arcane Vault | 1 | |
| Arcane Sanctum | 2 | |
| Castle | 2 | |
| Workshop | 4 | |
| Ziggurat | 3 | |
115 total
» build order
00:30 Farm
00:36 Altar of Kings
00:57 Barracks
01:07 Farm
01:46 Farm
01:51 Lumber Mill
02:51 Farm
02:55 Scout Tower
03:41 Town Hall
03:53 Scout Tower
03:53 Scout Tower
03:54 Scout Tower
06:25 Guard Tower
06:25 Guard Tower
06:33 Keep
06:34 Arcane Tower
07:46 Scout Tower
07:46 Scout Tower
07:47 Scout Tower
07:47 Scout Tower
07:48 Scout Tower
07:49 Scout Tower
07:49 Scout Tower
07:50 Scout Tower
07:50 Scout Tower
07:50 Scout Tower
07:51 Scout Tower
07:51 Scout Tower
07:51 Scout Tower
07:52 Scout Tower
07:53 Scout Tower
07:53 Scout Tower
07:54 Scout Tower
07:54 Scout Tower
07:54 Scout Tower
08:15 Blacksmith
08:26 Guard Tower
08:27 Guard Tower
08:34 Arcane Vault
08:37 Scout Tower
08:37 Scout Tower
08:37 Scout Tower
08:38 Scout Tower
08:39 Scout Tower
08:39 Scout Tower
08:40 Scout Tower
08:40 Scout Tower
08:40 Scout Tower
08:41 Scout Tower
08:42 Scout Tower
08:42 Scout Tower
08:47 Guard Tower
09:34 Guard Tower
09:34 Guard Tower
10:05 Guard Tower
11:06 Guard Tower
11:12 Scout Tower
11:13 Scout Tower
11:14 Scout Tower
11:15 Scout Tower
11:15 Scout Tower
11:16 Scout Tower
11:16 Scout Tower
11:26 Guard Tower
11:46 Arcane Sanctum
11:50 Arcane Sanctum
12:30 Guard Tower
12:35 Farm
12:36 Farm
12:37 Farm
12:39 Farm
12:41 Farm
13:41 Keep
13:41 Keep
13:46 Scout Tower
13:47 Scout Tower
13:47 Scout Tower
13:48 Scout Tower
13:48 Scout Tower
13:48 Scout Tower
13:49 Scout Tower
13:49 Scout Tower
13:49 Scout Tower
13:50 Scout Tower
13:51 Scout Tower
13:51 Scout Tower
13:51 Scout Tower
13:52 Scout Tower
13:52 Scout Tower
13:52 Scout Tower
13:55 Scout Tower
13:56 Scout Tower
14:23 Castle
14:37 Guard Tower
15:33 Guard Tower
15:34 Guard Tower
15:39 Workshop
15:40 Workshop
15:42 Workshop
15:45 Farm
15:46 Farm
16:10 Workshop
17:18 Farm
17:19 Farm
17:19 Farm
19:09 Altar of Kings
21:01 Ziggurat
21:03 Ziggurat
21:03 Ziggurat
» items
| Lesser Clarity Potion | 1 | |
| Scroll of Regeneration | 1 | |
| Scroll of Town Portal | 3 | |
| Potion of Mana | 1 | |
6 total
GeeGee (
purple | 58 APM | 898 actions | 15:28)
4 Death Knight
2 Death Coil
2 Unholy Aura
2 Lich
1 Frost Nova
1 Dark Ritual
» actions
| Assign group hotkey | 19 | |
| Basic commands | 31 | |
| Build / train | 50 | |
| Enter build submenu | 15 | |
| Enter hero's abilities submenu | 6 | |
| Give item / drop item | 1 | |
| Right click | 308 | |
| Select / deselect | 169 | |
| Select group hotkey | 223 | |
| Use ability | 76 | |
898 total
» units
| Acolyte | 8 | |
| Ghoul | 3 | |
| Crypt Fiend | 6 | |
| Goblin Zeppelin | 1 | |
| Obsidian Statue | 2 | |
| Abomination | 2 | |
| Frost Wyrm | 1 | |
23 total
» upgrades
| Creature Attack | 1 | |
| Creature Carapace | 1 | |
| Web | 1 | |
| Burrow | 1 | |
| Destroyer Form | 1 | |
5 total
» buildings
| Crypt | 1 | |
| Graveyard | 1 | |
| Ziggurat | 6 | |
| Altar of Darkness | 1 | |
| Tomb of Relics | 1 | |
| Halls of the Dead | 1 | |
| Nerubian Tower | 1 | |
| Black Citadel | 2 | |
| Slaughterhouse | 1 | |
| Sacrificial Pit | 1 | |
| Boneyard | 3 | |
19 total
» build order
00:24 Crypt
00:41 Graveyard
00:51 Ziggurat
01:01 Altar of Darkness
01:29 Ziggurat
02:08 Tomb of Relics
03:34 Ziggurat
05:56 Halls of the Dead
06:00 Nerubian Tower
06:49 Ziggurat
08:16 Black Citadel
08:17 Black Citadel
09:51 Slaughterhouse
09:53 Sacrificial Pit
10:46 Boneyard
10:48 Boneyard
11:41 Ziggurat
11:43 Ziggurat
» items
| Rod of Necromancy | 2 | |
| Sacrificial Skull | 1 | |
| Potion of Healing | 2 | |
| Potion of Mana | 2 | |
| Scroll of Town Portal | 1 | |
| Orb of Corruption | 1 | |
| Scroll of Healing | 1 | |
10 total
team 2 (loser)
Wet.Fart (
green | 65 APM | 1557 actions | 23:50)
5 Keeper of the Grove
3 Force of Nature
2 Entangling Roots
4 Priestess of the Moon
2 Searing Arrows
2 Trueshot Aura
» actions
| Assign group hotkey | 30 | |
| Basic commands | 68 | |
| Build / train | 79 | |
| ESC pressed | 3 | |
| Enter build submenu | 21 | |
| Enter hero's abilities submenu | 9 | |
| Give item / drop item | 1 | |
| Right click | 335 | |
| Select / deselect | 307 | |
| Select group hotkey | 649 | |
| Use ability | 55 | |
1557 total
» units
| Wisp | 21 | |
| Archer | 13 | |
| Hippogryph | 15 | |
| Glaive Thrower | 3 | |
52 total
» upgrades
| Improved Bows | 1 | |
| Strength of the Moon | 3 | |
| Hippogryph Taming | 1 | |
| Moon Armor | 2 | |
| Ultravision | 1 | |
| Marksmanship | 1 | |
| Vorpal Blades | 1 | |
10 total
» buildings
| Altar of Elders | 2 | |
| Ancient of War | 2 | |
| Moon Well | 7 | |
| Ancient of Wonders | 1 | |
| Tree of Life | 1 | |
| Tree of Ages | 1 | |
| Hunter's Hall | 1 | |
| Ancient of Wind | 2 | |
| Tree of Eternity | 4 | |
21 total
» build order
00:09 Altar of Elders
00:12 Altar of Elders
00:23 Ancient of War
00:39 Moon Well
01:37 Moon Well
02:03 Ancient of War
02:18 Ancient of Wonders
04:10 Tree of Life
04:23 Tree of Ages
04:39 Moon Well
05:22 Moon Well
05:38 Moon Well
06:22 Hunter's Hall
07:16 Ancient of Wind
08:10 Ancient of Wind
10:48 Tree of Eternity
10:48 Tree of Eternity
11:29 Moon Well
12:23 Moon Well
» items
shrumper (
orange | 76 APM | 1421 actions | 18:42)
4 Archmage
2 Summon Water Elemental
2 Brilliance Aura
3 Paladin
2 Holy Light
1 Divine Shield
2 Mountain King
1 Storm Bolt
1 Bash
» actions
| Assign group hotkey | 32 | |
| Basic commands | 1 | |
| Build / train | 142 | |
| Enter build submenu | 29 | |
| Enter hero's abilities submenu | 9 | |
| Give item / drop item | 4 | |
| Right click | 682 | |
| Select / deselect | 383 | |
| Select group hotkey | 50 | |
| Use ability | 89 | |
1421 total
» units
| Peasant | 9 | |
| Rifleman | 20 | |
| Goblin Shredder | 4 | |
| Priest | 3 | |
| Mortar Team | 5 | |
| Sorceress | 1 | |
| Flying Machine | 6 | |
48 total
» upgrades
| Gunpowder | 3 | |
| Priest Training | 1 | |
| Flare | 1 | |
| Armor | 2 | |
| Masonry | 2 | |
| Sorceress Training | 1 | |
| Long Rifles | 1 | |
| Fragmentation Shards | 1 | |
12 total
» buildings
| Farm | 12 | |
| Blacksmith | 1 | |
| Barracks | 1 | |
| Lumber Mill | 1 | |
| Altar of Kings | 1 | |
| Arcane Vault | 1 | |
| Scout Tower | 8 | |
| Town Hall | 1 | |
| Keep | 5 | |
| Workshop | 1 | |
| Arcane Sanctum | 1 | |
| Castle | 2 | |
| Guard Tower | 10 | |
45 total
» build order
01:05 Farm
01:08 Farm
01:14 Blacksmith
01:26 Barracks
01:47 Lumber Mill
01:50 Altar of Kings
02:22 Farm
02:33 Arcane Vault
02:40 Scout Tower
03:09 Farm
03:13 Farm
05:00 Town Hall
05:28 Keep
05:28 Keep
05:28 Keep
07:13 Farm
08:01 Workshop
08:15 Arcane Sanctum
09:31 Castle
09:52 Farm
09:53 Farm
10:21 Guard Tower
10:21 Guard Tower
10:24 Scout Tower
10:27 Scout Tower
10:42 Farm
10:57 Guard Tower
10:58 Guard Tower
10:59 Guard Tower
11:01 Scout Tower
11:04 Scout Tower
12:10 Guard Tower
12:10 Guard Tower
12:13 Scout Tower
15:23 Guard Tower
16:06 Farm
16:11 Farm
16:15 Farm
16:54 Scout Tower
16:59 Scout Tower
» items
| Scroll of Regeneration | 9 | |
| Potion of Healing | 5 | |
| Scroll of Town Portal | 2 | |
| Orb of Fire | 2 | |
| Staff of Sanctuary | 2 | |
20 total
MasterOfMutants (
pink | 95 APM | 2304 actions | 24:15)
6 Crypt Lord
3 Carrion Beetles
3 Spiked Carapace
3 Death Knight
1 Unholy Aura
2 Death Coil
» actions
| Assign group hotkey | 43 | |
| Basic commands | 204 | |
| Build / train | 108 | |
| ESC pressed | 1 | |
| Enter build submenu | 37 | |
| Enter hero's abilities submenu | 9 | |
| Give item / drop item | 3 | |
| Right click | 830 | |
| Select / deselect | 452 | |
| Select group hotkey | 511 | |
| Use ability | 106 | |
2304 total
» units
| Acolyte | 10 | |
| Ghoul | 5 | |
| Crypt Fiend | 10 | |
| Goblin Shredder | 1 | |
| Obsidian Statue | 1 | |
| Ice Troll Trapper | 1 | |
| Gargoyle | 3 | |
| Frost Wyrm | 1 | |
32 total
» upgrades
| Creature Attack | 3 | |
| Creature Carapace | 3 | |
| Burrow | 1 | |
| Web | 1 | |
| Destroyer Form | 1 | |
| Ghoul Frenzy | 1 | |
| Stone Form | 1 | |
| Disease Cloud | 1 | |
| Unholy Armor | 3 | |
| Unholy Strength | 3 | |
| Exhume Corpses | 1 | |
| Backpack | 1 | |
| Cannibalize | 1 | |
| Necromancer Training | 2 | |
| Banshee Training | 2 | |
| Skeletal Mastery | 1 | |
| Skeletal Longevity | 1 | |
| Freezing Breath | 1 | |
28 total
» buildings
| Graveyard | 1 | |
| Crypt | 4 | |
| Altar of Darkness | 1 | |
| Ziggurat | 11 | |
| Tomb of Relics | 1 | |
| Nerubian Tower | 5 | |
| Necropolis | 3 | |
| Spirit Tower | 11 | |
| Halls of the Dead | 4 | |
| Black Citadel | 2 | |
| Slaughterhouse | 1 | |
| Sacrificial Pit | 1 | |
| Temple of the Damned | 5 | |
| Boneyard | 1 | |
51 total
» build order
00:07 Graveyard
00:09 Crypt
00:41 Altar of Darkness
00:57 Ziggurat
01:09 Tomb of Relics
02:00 Ziggurat
02:32 Nerubian Tower
02:32 Nerubian Tower
04:20 Necropolis
05:19 Ziggurat
06:08 Ziggurat
06:09 Ziggurat
06:11 Ziggurat
07:04 Spirit Tower
07:06 Nerubian Tower
07:07 Nerubian Tower
07:14 Spirit Tower
07:46 Halls of the Dead
07:46 Halls of the Dead
07:47 Halls of the Dead
07:49 Spirit Tower
07:54 Ziggurat
08:03 Ziggurat
08:56 Spirit Tower
09:00 Spirit Tower
09:29 Spirit Tower
09:30 Spirit Tower
09:32 Ziggurat
09:33 Ziggurat
09:37 Ziggurat
10:35 Black Citadel
10:35 Black Citadel
10:39 Slaughterhouse
10:40 Sacrificial Pit
11:15 Nerubian Tower
11:15 Spirit Tower
15:12 Crypt
15:14 Crypt
15:16 Crypt
19:38 Temple of the Damned
19:39 Temple of the Damned
19:40 Temple of the Damned
19:41 Temple of the Damned
19:43 Temple of the Damned
19:50 Boneyard
22:14 Necropolis
22:25 Necropolis
» items
| Rod of Necromancy | 2 | |
| Scroll of Town Portal | 1 | |
| Orb of Corruption | 1 | |
| Scroll of Healing | 2 | |
| Potion of Healing | 2 | |
| Moonstone | 1 | |
9 total
SirJFlamestaff (
yellow | 48 APM | 1160 actions | 24:12)
4 Archmage
2 Summon Water Elemental
2 Brilliance Aura
» actions
| Assign group hotkey | 80 | |
| Basic commands | 78 | |
| Build / train | 68 | |
| Enter build submenu | 50 | |
| Enter hero's abilities submenu | 4 | |
| Give item / drop item | 23 | |
| Remove unit from queue | 4 | |
| Right click | 337 | |
| Select / deselect | 321 | |
| Select group hotkey | 95 | |
| Use ability | 99 | |
1160 total
» units
| Peasant | 14 | |
| Footman | 5 | |
| Goblin Shredder | 1 | |
| Goblin Zeppelin | 2 | |
| Gryphon Rider | 4 | |
26 total
» upgrades
| Lumber Harvesting | 1 | |
| Masonry | 1 | |
| Magic Sentry | 1 | |
| Sorceress Training | 1 | |
| Storm Hammers | 1 | |
| Swords | 2 | |
| Armor | 2 | |
| Animal War Training | 1 | |
10 total
» buildings
| Altar of Kings | 1 | |
| Barracks | 1 | |
| Farm | 13 | |
| Scout Tower | 26 | |
| Arcane Tower | 1 | |
| Arcane Vault | 5 | |
| Keep | 1 | |
| Town Hall | 3 | |
| Lumber Mill | 2 | |
| Guard Tower | 8 | |
| Blacksmith | 3 | |
| Arcane Sanctum | 1 | |
| Castle | 1 | |
| Gryphon Aviary | 4 | |
70 total
» build order
00:37 Altar of Kings
00:38 Barracks
00:55 Farm
00:57 Farm
01:05 Farm
01:32 Farm
01:33 Farm
01:47 Scout Tower
02:23 Arcane Tower
02:29 Farm
03:33 Arcane Vault
04:00 Keep
05:29 Town Hall
05:33 Scout Tower
05:33 Scout Tower
05:33 Scout Tower
05:35 Scout Tower
05:37 Scout Tower
05:38 Scout Tower
05:38 Scout Tower
05:39 Scout Tower
05:40 Scout Tower
05:40 Scout Tower
05:41 Scout Tower
05:41 Scout Tower
06:22 Lumber Mill
07:41 Farm
08:08 Guard Tower
08:17 Lumber Mill
08:47 Guard Tower
08:54 Guard Tower
08:54 Guard Tower
08:54 Guard Tower
08:54 Guard Tower
09:28 Arcane Vault
09:53 Arcane Vault
09:56 Blacksmith
09:57 Arcane Vault
10:00 Arcane Sanctum
10:36 Castle
10:40 Scout Tower
10:42 Scout Tower
10:43 Scout Tower
10:46 Scout Tower
10:52 Scout Tower
11:37 Gryphon Aviary
11:38 Gryphon Aviary
11:38 Gryphon Aviary
11:39 Gryphon Aviary
12:24 Guard Tower
13:37 Scout Tower
13:44 Scout Tower
13:45 Scout Tower
13:46 Scout Tower
13:48 Scout Tower
13:59 Scout Tower
14:02 Scout Tower
14:05 Guard Tower
14:07 Scout Tower
15:41 Farm
15:42 Farm
15:42 Farm
16:51 Town Hall
17:09 Farm
17:09 Farm
17:09 Farm
17:26 Blacksmith
17:30 Blacksmith
19:10 Arcane Vault
19:14 Town Hall
» items
| Scroll of Regeneration | 5 | |
| Scroll of Town Portal | 3 | |
| Potion of Healing | 3 | |
| Orb of Corruption | 1 | |
12 total
Chat log
(00:11 / All) FRENCH-CANAD1AN: i am captain squall
(00:12 / Allies) SirJFlamestaff: This is a mighty fine map
(00:15 / All) FRENCH-CANAD1AN: leader of the rebels
(00:19 / All) MasterOfMutants: So, do you join the Unity, or do you die here? Join! Die! Join! Die!
(00:19 / All) SirJFlamestaff: This map be mighty fine
(00:26 / All) FRENCH-CANAD1AN: head protangist of final fantasy 9
(00:28 / Allies) shrumper: going rifles mortars
(00:35 / Allies) MasterOfMutants: OK buddy
(00:48 / All) SirJFlamestaff: I made Richard Gray kill hisself
(00:52 / All) MasterOfMutants: So did I
(00:55 / All) MasterOfMutants: got the evidence from bos
(01:06 / All) FRENCH-CANAD1AN: who is this richard gray
(01:11 / All) SirJFlamestaff: I used my 10 int/charm from falche
(01:12 / All) MasterOfMutants: the master of the mutants
(01:14 / All) MasterOfMutants: main villain in fo1
(01:33 / All) MasterOfMutants: if you get the evidence from the brotherhood of steel he has different dialogue I think
(01:36 / Allies) MasterOfMutants: instead of telling him to check
(02:00 / All) FRENCH-CANAD1AN: anybody here a homosexual like me
(02:15 / All) SirJFlamestaff: I'm straighter than the straightest arrow buddy
(02:21 / All) SirJFlamestaff: so don't try nuffin
(02:48 / All) GeeGee: is it gay if im on top?
(03:00 / All) MasterOfMutants: Romans considered it more respectable to be top
(03:35 / All) FRENCH-CANAD1AN: WOOD PLZ
(03:44 / All) MasterOfMutants: Is that homosexual slang?
(03:46 / Allies) SirJFlamestaff: gold?
(03:58 / All) FRENCH-CANAD1AN: YES
(04:23 / Allies) MasterOfMutants: 100 wood please
(04:59 / All) FRENCH-CANAD1AN: im getting better at expo'ing at minimal distance from gold mine
(05:04 / All) FRENCH-CANAD1AN: praise be to ehaven
(05:50 / Allies) SirJFlamestaff: gold
(05:51 / Allies) SirJFlamestaff: wood
(05:59 / Allies) MasterOfMutants: hp
(06:04 / All) SirJFlamestaff: Who is your favorite Shakespeare character?
(06:11 / All) FRENCH-CANAD1AN: OTHELLO
(06:13 / All) FRENCH-CANAD1AN: THE MOOR
(06:15 / All) FRENCH-CANAD1AN: LOLZ
(06:15 / All) SirJFlamestaff: faggot
(06:18 / All) FRENCH-CANAD1AN: I MEAN
(06:19 / All) FRENCH-CANAD1AN: IAGO
(06:58 / All) SirJFlamestaff: Is there gold here?
(06:59 / All) SirJFlamestaff: wood?
(07:30 / All) SirJFlamestaff: Gold?
(07:42 / Allies) shrumper: noe
(08:53 / All) FRENCH-CANAD1AN: i was watching sex in the city tonight
(08:58 / All) FRENCH-CANAD1AN: carrie got nice body
(09:05 / All) FRENCH-CANAD1AN: ferris bueler is married to her, u know?
(09:13 / All) FRENCH-CANAD1AN: mathew broderick is his name of course
(10:12 / Allies) SirJFlamestaff: fucking faggots
(10:17 / Allies) SirJFlamestaff: I can't get
(10:23 / Allies) SirJFlamestaff: kaboomers
(10:29 / Allies) SirJFlamestaff: wooo
(11:09 / Allies) SirJFlamestaff: faggot
(11:12 / Allies) SirJFlamestaff: only got the shred
(11:22 / All) FRENCH-CANAD1AN: this map is like a poor man's fullscale assault
(12:00 / Allies) SirJFlamestaff: forgot to buy a tp
(12:18 / Allies) SirJFlamestaff: wish I got blood mage
(14:15 / All) FRENCH-CANAD1AN: what is a wet fart
(14:16 / Allies) SirJFlamestaff: invis me
(14:29 / Allies) SirJFlamestaff: orange you are a fucking douchebag
(14:40 / Allies) SirJFlamestaff: No heal with your pally
(14:42 / Allies) SirJFlamestaff: can't invis
(14:45 / Allies) SirJFlamestaff: fucking play solo retard
(15:11 / All) andybearden: worst fucking dumbass allies ever! blue didn't make a single fucking unit. just goddamned towers!
(15:11 / Allies) SirJFlamestaff: tp out fopr now reason
(15:15 / All) andybearden: fucking retard!
(15:26 / All) SirJFlamestaff: Orange is retarded and gay
(15:29 / All) SirJFlamestaff: selfish player
(15:29 / All) FRENCH-CANAD1AN: SOME PEOPLE
(15:47 / Allies) SirJFlamestaff: gold
(16:04 / All) SirJFlamestaff: He diodn't heal my less than half am ealrier
(16:10 / All) SirJFlamestaff: I asked for invis on my am he just ran straight past
(16:15 / All) FRENCH-CANAD1AN: THAT PRICK
(16:19 / All) SirJFlamestaff: tps out when poink is coming and I'm there and would be the difference
(16:24 / All) SirJFlamestaff: Why doesn't this faggot just play solo
(16:32 / All) MasterOfMutants: pink? I'm not a random player
(16:34 / All) SirJFlamestaff: fucking newbie
(17:49 / All) SirJFlamestaff: orange why do you play team when you think it's solo or ffa?
(17:57 / All) MasterOfMutants: He is a robot
(18:13 / Allies) shrumper: wtf yellow
(18:17 / Allies) SirJFlamestaff: It's mine
(18:21 / Allies) Wet.Fart: pink's tking
(18:25 / All) MasterOfMutants: BSER
(18:28 / All) MasterOfMutants: ORANGE IS A TKER
(18:30 / All) MasterOfMutants: KILL HIM
(18:33 / All) SirJFlamestaff: oh you want to fight about it motherfucker?
(18:37 / Allies) shrumper: fuck this
(18:40 / Allies) shrumper: noobs all around
(19:38 / All) SirJFlamestaff: good one
(19:59 / All) FRENCH-CANAD1AN: this is a human world, elf
(20:02 / All) FRENCH-CANAD1AN: your kind is not wanted
(20:10 / All) Wet.Fart: i've got noob pink tking
(20:24 / All) FRENCH-CANAD1AN: that bastard
(20:28 / All) Wet.Fart: can't even tk right
(20:30 / All) SirJFlamestaff: tk him back then
(20:34 / All) MasterOfMutants: Oh?
(20:37 / All) MasterOfMutants: What am I doing wrong?
(20:42 / All) Wet.Fart: everything
(20:45 / All) MasterOfMutants: Killed your hall and all of your food
(20:47 / All) MasterOfMutants: Sounds good to me
(22:24 / All) SirJFlamestaff: TIME TO DIE
(22:27 / All) SirJFlamestaff: TEAM KILLER!
(22:45 / All) SirJFlamestaff: team killers always have such gay names
(22:48 / All) SirJFlamestaff: like wet fart
(22:50 / All) SirJFlamestaff: fucking bser
(22:56 / All) Wet.Fart: and yet it's pink that's tking
(23:00 / All) SirJFlamestaff: right
(23:02 / All) SirJFlamestaff: nice name bro
(23:02 / All) Wet.Fart: noob yellow can't read
(23:11 / All) SirJFlamestaff: I saw in chat he said you were team killer
(23:19 / All) Wet.Fart: read again oob
(23:20 / All) MasterOfMutants: You tked me green
(23:22 / All) MasterOfMutants: Reported
(23:33 / All) SirJFlamestaff: oh
(23:37 / All) SirJFlamestaff: he said orange was team killer
(23:41 / All) SirJFlamestaff: yeah orange killed my expo
(23:48 / All) Wet.Fart: stupid noobs
(23:48 / All) FRENCH-CANAD1AN: out green
(23:54 / All) FRENCH-CANAD1AN: lolz
(24:06 / All) MasterOfMutants: Which side gets the loss?
(24:10 / All) SirJFlamestaff: Our team lose